WCHLSIM.com - West Coast Hockey League
html PUBLIC "-//W3C//DTD XHTML 1.0 Transitional//EN" "http://www.w3.org/TR/xhtml1/DTD/xhtml1-transitional.dtd"> WCHL - Game 796 - NORTH DAKOTA HAWKS vs ANCHORAGE ACES

NORTH DAKOTA HAWKS vs ANCHORAGE ACES

Created - 10 février 2020 at 17:29

Goals
1 2 3 T
NORTH DAKOTA HAWKS 1 1 1 3
ANCHORAGE ACES 1 2 1 4
Shots
1 2 3 T
NORTH DAKOTA HAWKS 7 5 7 19
ANCHORAGE ACES 17 13 15 45

1st period

1. NORTH DAKOTA HAWKS , Ryan Carpenter 7 (Quinton Hughes 4, Johnny Boychuk 11) at 4:10
2. ANCHORAGE ACES , Jacob Trouba 6 (Jakob Silfverberg 22, Nathan MacKinnon 48) at 12:13 (PP)

Penalties :
Zack Kassian (NDH) for Roughing (Minor) at 10:21, Johnny Boychuk (NDH) for Hooking (Minor) at 15:04

2nd period

3. NORTH DAKOTA HAWKS , Kenny Agostino 3 (Quinton Hughes 5) at 9:02
4. ANCHORAGE ACES , Connor McDavid 41 (Nathan MacKinnon 49) at 11:10
5. ANCHORAGE ACES , Nathan MacKinnon 34 (Connor McDavid 38) at 13:53

Penalties :
Ryan Lindgren (NDH) for Roughing (Double Minor) at 2:41

3rd period

6. ANCHORAGE ACES , Frank Vatrano 14 (Ryan Suter 27, Jacob Trouba 33) at 18:19 (PP)
7. NORTH DAKOTA HAWKS , Quinton Hughes 1 (Ryan Carpenter 5, Kenny Agostino 6) at 19:54

Penalties :
Luke Kunin (NDH) for Hooking (Minor) at 2:00, Chris Kreider (ANC) for Elbowing (Minor) at 2:47, Ryan Lindgren (NDH) for Slashing (Minor) at 17:52

Goalie Stats

Eric Comrie (NDH), 38 saves from 42 shots - (0,905), L, 5-23-2, 56:23 minutes
Cameron Talbot (NDH), 3 saves from 3 shots - (1,000), 3:37 minutes
Martin Jones (ANC), 16 saves from 19 shots - (0,842), W, 32-8-5, 60:00 minutes

Players Stats for NORTH DAKOTA HAWKS

Player Name              G  A  P  +/- PIM S  H  SB GA TA FO     MP     PP MP  PK MP  
------------------------------------------------------------------------------------
Brandon Sutter           0  0  0   0  0   0  0  0  0  0  15/18  14:22   0:00   3:27 
Brendan Leipsic          0  0  0   0  0   1  1  0  0  0  0/1    16:45   0:00   0:13 
Brenden Dillon           0  0  0  -1  0   0  4  0  0  0  0/0    19:48   0:00   3:17 
Corey Perry              0  0  0   2  0   1  0  0  0  0  0/2    10:57   0:42   0:00 
Derek Grant              0  0  0   0  0   1  2  1  0  0  0/0    14:14   0:00   3:19 
Dougie Hamilton          0  0  0  -1  0   1  0  1  0  0  0/0    24:29   0:42   4:05 
Johnny Boychuk           0  1  1   2  2   0  6  1  0  0  0/0    23:01   0:00   3:41 
Kenny Agostino           1  1  2   2  0   2  2  0  0  0  0/2    10:20   0:05   0:00 
Luke Kunin               0  0  0  -1  2   5  0  1  0  0  2/5    14:52   0:47   1:56 
Marc Methot              0  0  0   0  0   0  0  1  0  0  0/0    11:29   0:00   0:08 
Matthew Nieto            0  0  0  -1  0   1  0  0  0  0  1/1    17:40   0:47   4:26 
Michael Raffl            0  0  0   0  0   1  0  0  0  0  0/0    10:55   0:00   0:00 
Nic Dowd                 0  0  0  -1  0   1  1  0  0  0  7/14   13:14   0:47   0:00 
Nick Suzuki              0  0  0   0  0   2  1  0  0  0  6/16   16:32   0:00   0:00 
Quinton Hughes           1  2  3   2  0   1  1  0  0  0  0/0    23:05   0:05   3:49 
Ryan Carpenter           1  1  2   2  0   2  1  0  0  0  6/15   15:02   0:00   4:47 
Ryan Lindgren            0  0  0   0  6   0  2  0  0  0  0/0    17:18   0:00   3:08 
Zack Kassian             0  0  0   0  2   0  2  0  0  0  0/2    15:36   0:00   0:00 

Players Stats for ANCHORAGE ACES

Player Name              G  A  P  +/- PIM S  H  SB GA TA FO     MP     PP MP  PK MP  
------------------------------------------------------------------------------------
Andrew Cogliano          0  0  0   0  0   0  0  0  0  0  0/1     5:33   0:00   0:00 
Ben Chiarot              0  0  0  -1  0   1  1  1  0  0  0/0    20:47   3:48   0:00 
Cal Clutterbuck          0  0  0   0  0   1  0  0  0  0  0/0     5:33   0:00   0:00 
Chris Kreider            0  0  0   0  2   4  3  0  0  0  0/2    19:36   4:25   0:00 
Connor McDavid           1  1  2   1  0   5  0  0  0  0  2/8    22:25   4:26   0:00 
Darnell Nurse            0  0  0   1  0   1  0  2  0  0  0/0    20:23   3:48   0:00 
Deryk Engelland          0  0  0   1  0   0  1  1  0  0  0/0    17:15   0:00   0:47 
Frank Vatrano            1  0  1  -2  0   2  0  0  0  0  0/1    15:52   4:38   0:00 
Jacob Trouba             1  1  2  -1  0   2  0  0  0  0  0/0    21:58   5:16   0:00 
Jakob Silfverberg        0  1  1   0  0   5  0  0  0  0  1/1    20:27   4:24   0:47 
Joonas Donskoi           0  0  0   1  0   1  1  0  0  0  0/0    16:54   0:00   0:00 
Josh Archibald           0  0  0  -2  0   2  1  0  0  0  0/1    11:14   0:00   0:00 
Leon Draisaitl           0  0  0   0  0   5  0  0  0  0  11/17  19:49   4:26   0:00 
Nate Thompson            0  0  0   0  0   0  0  0  0  0  3/6     5:47   0:14   0:00 
Nathan MacKinnon         1  2  3   1  0   11 0  0  0  0  16/28  22:37   4:38   0:00 
Niklas Hjalmarsson       0  0  0  -1  0   1  0  1  0  0  0/0    17:44   0:00   0:47 
Ryan Suter               0  1  1  -1  0   4  0  0  0  0  0/0    21:53   5:16   0:00 
Tyler Bozak              0  0  0  -2  0   0  0  0  0  0  6/11   12:13   0:00   0:47 

3 Stars

1 - Quinton Hughes (NDH)
2 - Nathan MacKinnon (ANC)
3 - Kenny Agostino (NDH)

Power Play

NORTH DAKOTA HAWKS - 0 on 1 Attempt(s) - 0,00%
ANCHORAGE ACES - 2 on 6 Attempt(s) - 33,33%

Penalty Kill

NORTH DAKOTA HAWKS - 4 on 6 Attempt(s) - 66,67% - Score 0 goal in Penalty Kill
ANCHORAGE ACES - 1 on 1 Attempt(s) - 100,00% - Score 0 goal in Penalty Kill

Team Stat

NORTH DAKOTA HAWKS - Hits : 23 - Faceoff Wins : 37 - Blocked Shots : 5 - Penalty Minutes : 12
ANCHORAGE ACES - Hits : 7 - Faceoff Wins : 39 - Blocked Shots : 5 - Penalty Minutes : 2

Official

Referees : Kyle Rehman and Dean Morton
Linesman : Michael Voyer and Alexander Ledovskiy

Game Notes

Cameron Talbot is injured at 3:37 of 1st period (Right Foot)
Eric Comrie enters game at 3:37 of 1st period

Finance

Level 1 -- Attendance: 5505 (91,75%) -- Ticket Income 743 175 $
Level 2 -- Attendance: 3663 (73,26%) -- Ticket Income 395 604 $
Level 3 -- Attendance: 1531 (76,55%) -- Ticket Income 130 135 $
Level 4 -- Attendance: 3997 (99,93%) -- Ticket Income 179 865 $
Luxury Box -- Attendance: 1000 (100,00%) -- Ticket Income 210 000 $
Game was played at the Alaska Center.
Total Attendance: 15696 (87,20%)
Total Ticket Income: 1 658 779 $
Other Income: 497 634 $
Total Income: 2 156 413 $

NORTH DAKOTA HAWKS

5 vs 5 Forward 
   Center                   Left Wing                Right Wing               Time % Phy DF OF 
 1 Nick Suzuki              Brendan Leipsic          Zack Kassian             30     1   2  2  
 2 Nic Dowd                 Matthew Nieto            Luke Kunin               27     1   2  2  
 3 Ryan Carpenter           Kenny Agostino           Corey Perry              22     1   2  2  
 4 Brandon Sutter           Derek Grant              Michael Raffl            21     0   4  1  

5 vs 5 Defense 
   Defense                  Defense                                           Time % Phy DF OF 
 1 Brenden Dillon           Dougie Hamilton                                   36     1   2  2  
 2 Quinton Hughes           Johnny Boychuk                                    33     1   2  2  
 3 Ryan Lindgren            Marc Methot                                       20     1   2  2  
 4 Ryan Lindgren            Dougie Hamilton                                   11     1   2  2  

PowerPlay Forward 
   Center                   Left Wing                Right Wing               Time % Phy DF OF 
 1 Nick Suzuki              Brendan Leipsic          Zack Kassian             65     1   2  2  
 2 Nic Dowd                 Matthew Nieto            Luke Kunin               35     1   2  2  

PowerPlay Defense
   Defense                  Defense                                           Time % Phy DF OF 
 1 Dougie Hamilton          Corey Perry                                       65     1   2  2  
 2 Kenny Agostino           Quinton Hughes                                    35     1   2  2  

Penalty Kill 4 Players Forward 
   Center                   Wing                     Time % Phy DF OF 
 1 Ryan Carpenter           Matthew Nieto            55     1   2  2  
 2 Brandon Sutter           Derek Grant              45     1   2  2  

Penalty Kill 4 Players Defense
   Defense                  Defense                  Time % Phy DF OF 
 1 Ryan Lindgren            Johnny Boychuk           55     1   2  2  
 2 Brenden Dillon           Dougie Hamilton          45     1   2  2  

Penalty Kill - 3 Players Forward 
   Forward                                           Time % Phy DF OF 
 1 Michael Raffl                                     55     1   2  2  
 2 Derek Grant                                       45     1   2  2  

Penalty Kill - 3 Players Defense
   Defense                  Defense                  Time % Phy DF OF 
 1 Ryan Lindgren            Johnny Boychuk           55     1   2  2  
 2 Brenden Dillon           Dougie Hamilton          45     1   2  2  

4 vs 4 Forward 
   Center                   Wing                     Time % Phy DF OF 
 1 Nick Suzuki              Brendan Leipsic          55     1   2  2  
 2 Nic Dowd                 Matthew Nieto            45     1   2  2  

4 vs 4 Defense
   Defense                  Defense                  Time % Phy DF OF 
 1 Brenden Dillon           Dougie Hamilton          55     1   2  2  
 2 Quinton Hughes           Johnny Boychuk           45     1   2  2  

Last Minutes Offensive
   Center                   Left Wing                Right Wing               Defense                  Defense                  
   Nick Suzuki              Brendan Leipsic          Zack Kassian             Quinton Hughes           Dougie Hamilton          

Last Minutes Defensive
   Center                   Left Wing                Right Wing               Defense                  Defense                  
   Brandon Sutter           Derek Grant              Zack Kassian             Brenden Dillon           Dougie Hamilton          

Goaltenders
Starting : Cameron Talbot           
Backup : Eric Comrie              

Extra Forwards
Normal : Michael Raffl, Zack Kassian, Luke Kunin - PP : Michael Raffl, Brandon Sutter - PK : Luke Kunin
Extra Defensemen
Normal : Ryan Lindgren, Johnny Boychuk, Brenden Dillon - PP : Johnny Boychuk - PK : Quinton Hughes, Dougie Hamilton
Penalty Shots
Nick Suzuki, Matthew Nieto, Zack Kassian, Michael Raffl, Corey Perry
Custom OT Lines Forwards
Ryan Carpenter, Kenny Agostino, Nick Suzuki, Michael Raffl, Derek Grant, Nic Dowd, Zack Kassian, Matthew Nieto, Brendan Leipsic, Corey Perry
Custom OT Lines Defensemen
Dougie Hamilton, Quinton Hughes, Brenden Dillon, Johnny Boychuk, Ryan Lindgren

Scratches
Alexandre Fortin (Healthy), Dominik Masin (Healthy), Jack Dougherty (Healthy), Marc Staal (Lower Body Injury), Jordan Murray (Healthy)
Josh Brown (Chest/Ribs Injury), Martin Marincin (Strained Groin Injury), Phillip DiGiuseppe (Healthy), Tim Clifton (Healthy), Scott Wedgewood (Healthy)

ANCHORAGE ACES

5 vs 5 Forward 
   Center                   Left Wing                Right Wing               Time % Phy DF OF 
 1 Nathan MacKinnon         Connor McDavid           Joonas Donskoi           36     0   1  4  
 2 Leon Draisaitl           Chris Kreider            Jakob Silfverberg        34     1   2  2  
 3 Tyler Bozak              Frank Vatrano            Josh Archibald           25     1   3  1  
 4 Nate Thompson            Andrew Cogliano          Cal Clutterbuck          5      1   2  2  

5 vs 5 Defense 
   Defense                  Defense                                           Time % Phy DF OF 
 1 Jacob Trouba             Ryan Suter                                        33     1   2  2  
 2 Darnell Nurse            Deryk Engelland                                   33     1   2  2  
 3 Niklas Hjalmarsson       Ben Chiarot                                       33     1   3  1  
 4 Ryan Suter               Jacob Trouba                                      1      1   3  1  

PowerPlay Forward 
   Center                   Left Wing                Right Wing               Time % Phy DF OF 
 1 Connor McDavid           Chris Kreider            Leon Draisaitl           55     0   1  4  
 2 Nathan MacKinnon         Frank Vatrano            Jakob Silfverberg        45     0   1  4  

PowerPlay Defense
   Defense                  Defense                                           Time % Phy DF OF 
 1 Ryan Suter               Jacob Trouba                                      55     1   2  2  
 2 Darnell Nurse            Ben Chiarot                                       45     1   2  2  

Penalty Kill 4 Players Forward 
   Center                   Wing                     Time % Phy DF OF 
 1 Tyler Bozak              Jakob Silfverberg        55     1   2  2  
 2 Nate Thompson            Josh Archibald           45     1   2  2  

Penalty Kill 4 Players Defense
   Defense                  Defense                  Time % Phy DF OF 
 1 Niklas Hjalmarsson       Deryk Engelland          55     1   3  1  
 2 Ben Chiarot              Jacob Trouba             45     1   3  1  

Penalty Kill - 3 Players Forward 
   Forward                                           Time % Phy DF OF 
 1 Tyler Bozak                                       55     0   5  0  
 2 Nate Thompson                                     45     0   5  0  

Penalty Kill - 3 Players Defense
   Defense                  Defense                  Time % Phy DF OF 
 1 Niklas Hjalmarsson       Deryk Engelland          55     1   4  0  
 2 Darnell Nurse            Ben Chiarot              45     1   4  0  

4 vs 4 Forward 
   Center                   Wing                     Time % Phy DF OF 
 1 Nathan MacKinnon         Connor McDavid           55     1   2  2  
 2 Leon Draisaitl           Tyler Bozak              45     1   2  2  

4 vs 4 Defense
   Defense                  Defense                  Time % Phy DF OF 
 1 Ryan Suter               Jacob Trouba             55     1   2  2  
 2 Darnell Nurse            Ben Chiarot              45     1   2  2  

Last Minutes Offensive
   Center                   Left Wing                Right Wing               Defense                  Defense                  
   Nathan MacKinnon         Leon Draisaitl           Connor McDavid           Ryan Suter               Jacob Trouba             

Last Minutes Defensive
   Center                   Left Wing                Right Wing               Defense                  Defense                  
   Nathan MacKinnon         Leon Draisaitl           Jakob Silfverberg        Niklas Hjalmarsson       Jacob Trouba             

Goaltenders
Starting : Martin Jones             
Backup : James Reimer             

Extra Forwards
Normal : Tyler Bozak, Nathan MacKinnon, Cal Clutterbuck - PP : Nathan MacKinnon, Nate Thompson - PK : Cal Clutterbuck
Extra Defensemen
Normal : Deryk Engelland, Ben Chiarot, Darnell Nurse - PP : Deryk Engelland - PK : Ben Chiarot, Darnell Nurse
Penalty Shots
Connor McDavid, Nathan MacKinnon, Leon Draisaitl, Chris Kreider, Jakob Silfverberg
Custom OT Lines Forwards
Nathan MacKinnon, Connor McDavid, Leon Draisaitl, Chris Kreider, Jakob Silfverberg, Tyler Bozak, Joonas Donskoi, Nate Thompson, Cal Clutterbuck, Josh Archibald
Custom OT Lines Defensemen
Ryan Suter, Jacob Trouba, Darnell Nurse, Ben Chiarot, Niklas Hjalmarsson

Scratches
Braden Christoffer (Healthy), Brendan Woods (Healthy), Frank Hora (Healthy), Jonathan Racine (Healthy), Reid Gardiner (Healthy)
Tom Kuhnhackl (Healthy)

% Time on Ice - NORTH DAKOTA HAWKS

Lines # - Real PCT - Wanted PCT - Time Play
Normal Forward
1 - 32% - 30% - 15:32
2 - 25% - 27% - 12:10
3 - 21% - 22% - 10:15
4 - 22% - 21% - 10:55
Normal Defense
1 - 32% - 36% - 15:36
2 - 39% - 33% - 19:04
3 - 23% - 20% - 11:06
4 - 6% - 11% - 3:06
PP Forward
1 - 0% - 65% - 0:00
2 - 100% - 35% - 0:47
PP Defense
1 - 89% - 65% - 0:42
2 - 11% - 35% - 0:05
PK Forward
1 - 62% - 55% - 5:37
2 - 38% - 45% - 3:27
PK Defense
1 - 65% - 55% - 5:51
2 - 35% - 45% - 3:13
PK3 Forward
1 - 0% - 55%
2 - 0% - 45%
PK3 Defense
1 - 0% - 55%
2 - 0% - 45%
44 Forward
1 - 76% - 55% - 0:55
2 - 24% - 45% - 0:17
44 Defense
1 - 76% - 55% - 0:55
2 - 24% - 45% - 0:17
Last Minute Offensive  - 0:05
Last Minute Defensive  - 0:00
Total
Forward - 60:00
Defense - 60:00

% Time on Ice - ANCHORAGE ACES

Lines # - Real PCT - Wanted PCT - Time Play
Normal Forward
1 - 35% - 36% - 16:54
2 - 31% - 34% - 15:11
3 - 23% - 25% - 11:14
4 - 11% - 5% - 5:33
Normal Defense
1 - 30% - 33% - 14:27
2 - 34% - 33% - 16:28
3 - 35% - 33% - 16:52
4 - 2% - 1% - 1:05
PP Forward
1 - 49% - 55% - 4:26
2 - 51% - 45% - 4:38
PP Defense
1 - 58% - 55% - 5:16
2 - 42% - 45% - 3:48
PK Forward
1 - 100% - 55% - 0:47
2 - 0% - 45% - 0:00
PK Defense
1 - 100% - 55% - 0:47
2 - 0% - 45% - 0:00
PK3 Forward
1 - 0% - 55%
2 - 0% - 45%
PK3 Defense
1 - 0% - 55%
2 - 0% - 45%
44 Forward
1 - 90% - 55% - 1:05
2 - 10% - 45% - 0:07
44 Defense
1 - 90% - 55% - 1:05
2 - 10% - 45% - 0:07
Last Minute Offensive  - 0:00
Last Minute Defensive  - 0:05
Total
Forward - 60:00
Defense - 60:00

Play-by-Play

1st period


0:01 of 1st period - Nick Suzuki wins face-off versus Nathan MacKinnon in neutral zone.
0:30 of 1st period - Shot by Nathan MacKinnon.
0:30 of 1st period - Shot Blocked by Dougie Hamilton.
0:44 of 1st period - Shot by Nathan MacKinnon.
0:44 of 1st period - Stopped by Cameron Talbot without a rebound.
0:45 of 1st period - Leon Draisaitl wins face-off versus Nic Dowd in NORTH DAKOTA HAWKS zone.
0:48 of 1st period - Shot by Chris Kreider.
0:48 of 1st period - Stopped by Cameron Talbot without a rebound.
0:49 of 1st period - Jakob Silfverberg wins face-off versus Ryan Carpenter in NORTH DAKOTA HAWKS zone.
0:52 of 1st period - Shot by Leon Draisaitl.
0:52 of 1st period - Shot Misses the Net.
0:57 of 1st period - Ryan Carpenter is hit by Ben Chiarot and loses puck.
1:27 of 1st period - Shot by Ryan Carpenter.
1:27 of 1st period - Shot Misses the Net.
1:29 of 1st period - Shot by Kenny Agostino.
1:29 of 1st period - Deflect By Corey Perry.
1:29 of 1st period - Stopped by Martin Jones without a rebound.
1:30 of 1st period - Nic Dowd wins face-off versus Josh Archibald in ANCHORAGE ACES zone.
1:58 of 1st period - Off-side.
1:59 of 1st period - Brandon Sutter wins face-off versus Nate Thompson in neutral zone.
2:30 of 1st period - Shot by Derek Grant.
2:30 of 1st period - Shot Hit the Post.
2:52 of 1st period - Cal Clutterbuck is hit by Brendan Leipsic and loses puck.
3:03 of 1st period - Shot by Brendan Leipsic.
3:03 of 1st period - Stopped by Martin Jones without a rebound.
3:04 of 1st period - Nathan MacKinnon wins face-off versus Nic Dowd in ANCHORAGE ACES zone.
3:37 of 1st period - Shot by Connor McDavid.
3:37 of 1st period - Stopped by Cameron Talbot without a rebound.
3:37 of 1st period - Cameron Talbot from NORTH DAKOTA HAWKS is injured at 3:37 of 1st period (Right Foot).
3:37 of 1st period - Eric Comrie enters game.
3:38 of 1st period - Leon Draisaitl wins face-off versus Ryan Carpenter in NORTH DAKOTA HAWKS zone.
3:43 of 1st period - Shot by Leon Draisaitl.
3:43 of 1st period - Stopped by Eric Comrie without a rebound.
3:44 of 1st period - Ryan Carpenter wins face-off versus Tyler Bozak in NORTH DAKOTA HAWKS zone.
4:10 of 1st period - Shot by Ryan Carpenter.
4:10 of 1st period - Goal by Ryan Carpenter - NORTH DAKOTA HAWKS : 1 - ANCHORAGE ACES : 0.
4:11 of 1st period - Leon Draisaitl wins face-off versus Nick Suzuki in neutral zone.
4:52 of 1st period - Shot by Jakob Silfverberg.
4:52 of 1st period - Stopped by Eric Comrie without a rebound.
4:53 of 1st period - Brandon Sutter wins face-off versus Nathan MacKinnon in NORTH DAKOTA HAWKS zone.
5:33 of 1st period - Icing by Quinton Hughes.
5:34 of 1st period - Brandon Sutter wins face-off versus Tyler Bozak in NORTH DAKOTA HAWKS zone.
5:34 of 1st period - Brandon Sutter is hit by Josh Archibald.
6:00 of 1st period - Shot by Dougie Hamilton.
6:00 of 1st period - Shot Misses the Net.
6:02 of 1st period - Shot by Dougie Hamilton.
6:02 of 1st period - Stopped by Martin Jones without a rebound.
6:03 of 1st period - Ryan Carpenter wins face-off versus Leon Draisaitl in ANCHORAGE ACES zone.
6:14 of 1st period - Shot by Corey Perry.
6:14 of 1st period - Shot Misses the Net.
6:26 of 1st period - Shot by Leon Draisaitl.
6:26 of 1st period - Shot Blocked by Marc Methot.
7:14 of 1st period - Shot by Luke Kunin.
7:14 of 1st period - Stopped by Martin Jones without a rebound.
7:15 of 1st period - Tyler Bozak wins face-off versus Zack Kassian in ANCHORAGE ACES zone.
7:42 of 1st period - Shot by Tyler Bozak.
7:42 of 1st period - Deflect By Frank Vatrano.
7:42 of 1st period - Stopped by Eric Comrie with a rebound.
8:30 of 1st period - Shot by Dougie Hamilton.
8:30 of 1st period - Deflect By Luke Kunin.
8:30 of 1st period - Stopped by Martin Jones without a rebound.
8:31 of 1st period - Leon Draisaitl wins face-off versus Brandon Sutter in ANCHORAGE ACES zone.
9:00 of 1st period - Shot by Jakob Silfverberg.
9:00 of 1st period - Stopped by Eric Comrie without a rebound.
9:01 of 1st period - Nathan MacKinnon wins face-off versus Kenny Agostino in NORTH DAKOTA HAWKS zone.
9:22 of 1st period - Niklas Hjalmarsson is hit by Kenny Agostino and loses puck.
10:21 of 1st period - Minor Penalty to Zack Kassian for Roughing.
10:22 of 1st period - Brandon Sutter wins face-off versus Nathan MacKinnon in NORTH DAKOTA HAWKS zone.
10:47 of 1st period - Shot by Jakob Silfverberg.
10:47 of 1st period - Shot Misses the Net.
10:49 of 1st period - Shot by Ryan Suter.
10:49 of 1st period - Stopped by Eric Comrie without a rebound.
10:50 of 1st period - Connor McDavid wins face-off versus Luke Kunin in NORTH DAKOTA HAWKS zone.
12:11 of 1st period - Shot by Jakob Silfverberg.
12:11 of 1st period - Stopped by Eric Comrie with a rebound.
12:13 of 1st period - Shot by Jacob Trouba.
12:13 of 1st period - Goal by Jacob Trouba - NORTH DAKOTA HAWKS : 1 - ANCHORAGE ACES : 1.
12:14 of 1st period - Nate Thompson wins face-off versus Nick Suzuki in neutral zone.
12:31 of 1st period - Darnell Nurse is hit by Zack Kassian and loses puck.
13:03 of 1st period - Shot by Michael Raffl.
13:03 of 1st period - Stopped by Martin Jones without a rebound.
13:04 of 1st period - Nic Dowd wins face-off versus Leon Draisaitl in ANCHORAGE ACES zone.
13:14 of 1st period - Icing by Brenden Dillon.
13:15 of 1st period - Nic Dowd wins face-off versus Connor McDavid in NORTH DAKOTA HAWKS zone.
14:14 of 1st period - Niklas Hjalmarsson is hit by Nic Dowd and loses puck.
14:22 of 1st period - Icing by Niklas Hjalmarsson.
14:23 of 1st period - Leon Draisaitl wins face-off versus Nick Suzuki in ANCHORAGE ACES zone.
14:23 of 1st period - Leon Draisaitl is hit by Zack Kassian.
14:45 of 1st period - Shot by Chris Kreider.
14:45 of 1st period - Shot Misses the Net.
14:47 of 1st period - Shot by Niklas Hjalmarsson.
14:47 of 1st period - Shot Misses the Net.
15:03 of 1st period - Shot by Jakob Silfverberg.
15:03 of 1st period - Shot Misses the Net.
15:04 of 1st period - Minor Penalty to Johnny Boychuk for Hooking.
15:05 of 1st period - Nathan MacKinnon wins face-off versus Ryan Carpenter in NORTH DAKOTA HAWKS zone.
16:06 of 1st period - Shot by Luke Kunin.
16:06 of 1st period - Shot Misses the Net.
16:36 of 1st period - Shot by Darnell Nurse.
16:36 of 1st period - Stopped by Eric Comrie with a rebound.
16:52 of 1st period - Shot by Jacob Trouba.
16:52 of 1st period - Shot Blocked by Luke Kunin.
16:54 of 1st period - Shot by Ryan Suter.
16:54 of 1st period - Stopped by Eric Comrie without a rebound.
16:55 of 1st period - Brandon Sutter wins face-off versus Connor McDavid in NORTH DAKOTA HAWKS zone.
17:09 of 1st period - Darnell Nurse is hit by Brenden Dillon and loses puck.
17:17 of 1st period - Cal Clutterbuck is hit by Brenden Dillon and loses puck.
17:40 of 1st period - Shot by Nate Thompson.
17:40 of 1st period - Deflect By Cal Clutterbuck.
17:40 of 1st period - Shot Misses the Net.
18:05 of 1st period - Shot by Josh Archibald.
18:05 of 1st period - Shot Misses the Net.
18:07 of 1st period - Shot by Ben Chiarot.
18:07 of 1st period - Stopped by Eric Comrie without a rebound.
18:08 of 1st period - Nathan MacKinnon wins face-off versus Nic Dowd in NORTH DAKOTA HAWKS zone.
18:19 of 1st period - Shot by Nathan MacKinnon.
18:19 of 1st period - Shot Misses the Net.
18:21 of 1st period - Shot by Jacob Trouba.
18:21 of 1st period - Shot Misses the Net.
18:23 of 1st period - Shot by Jacob Trouba.
18:23 of 1st period - Shot Blocked by Johnny Boychuk.
18:25 of 1st period - Shot by Nathan MacKinnon.
18:25 of 1st period - Stopped by Eric Comrie with a rebound.
18:37 of 1st period - Shot by Connor McDavid.
18:37 of 1st period - Stopped by Eric Comrie with a rebound.
18:39 of 1st period - Shot by Ryan Suter.
18:39 of 1st period - Shot Misses the Net.
19:08 of 1st period - Shot by Jakob Silfverberg.
19:08 of 1st period - Deflect By Chris Kreider.
19:08 of 1st period - Stopped by Eric Comrie with a rebound.
19:10 of 1st period - Shot by Niklas Hjalmarsson.
19:10 of 1st period - Stopped by Eric Comrie with a rebound.
Goals for this period are 1 for NORTH DAKOTA HAWKS vs 1 for ANCHORAGE ACES.
Shots for this period are 7 for NORTH DAKOTA HAWKS vs 17 for ANCHORAGE ACES.

2nd period


0:01 of 2nd period - Brandon Sutter wins face-off versus Tyler Bozak in neutral zone.
1:09 of 2nd period - Shot by Nick Suzuki.
1:09 of 2nd period - Stopped by Martin Jones with a rebound.
1:12 of 2nd period - Icing by Ryan Suter.
1:13 of 2nd period - Nathan MacKinnon wins face-off versus Ryan Carpenter in ANCHORAGE ACES zone.
1:13 of 2nd period - Nathan MacKinnon is hit by Kenny Agostino.
1:39 of 2nd period - Shot by Nathan MacKinnon.
1:39 of 2nd period - Stopped by Eric Comrie without a rebound.
1:40 of 2nd period - Leon Draisaitl wins face-off versus Nick Suzuki in NORTH DAKOTA HAWKS zone.
1:47 of 2nd period - Shot by Chris Kreider.
1:47 of 2nd period - Stopped by Eric Comrie without a rebound.
1:48 of 2nd period - Leon Draisaitl wins face-off versus Nick Suzuki in NORTH DAKOTA HAWKS zone.
2:17 of 2nd period - Icing by Ben Chiarot.
2:18 of 2nd period - Brandon Sutter wins face-off versus Leon Draisaitl in ANCHORAGE ACES zone.
2:25 of 2nd period - Marc Methot is hit by Chris Kreider and loses puck.
2:41 of 2nd period - Double Minor Penalty to Ryan Lindgren for Roughing.
2:42 of 2nd period - Nathan MacKinnon wins face-off versus Ryan Carpenter in NORTH DAKOTA HAWKS zone.
2:59 of 2nd period - Shot by Nathan MacKinnon.
2:59 of 2nd period - Shot Misses the Net.
3:01 of 2nd period - Shot by Nathan MacKinnon.
3:01 of 2nd period - Stopped by Eric Comrie without a rebound.
3:02 of 2nd period - Brandon Sutter wins face-off versus Chris Kreider in NORTH DAKOTA HAWKS zone.
3:12 of 2nd period - Off-side.
3:13 of 2nd period - Ryan Carpenter wins face-off versus Connor McDavid in neutral zone.
3:53 of 2nd period - Icing by Connor McDavid.
3:54 of 2nd period - Brandon Sutter wins face-off versus Connor McDavid in ANCHORAGE ACES zone.
5:59 of 2nd period - Shot by Nathan MacKinnon.
5:59 of 2nd period - Stopped by Eric Comrie without a rebound.
6:00 of 2nd period - Brandon Sutter wins face-off versus Frank Vatrano in NORTH DAKOTA HAWKS zone.
7:19 of 2nd period - Icing by Jacob Trouba.
7:20 of 2nd period - Nate Thompson wins face-off versus Nic Dowd in ANCHORAGE ACES zone.
7:39 of 2nd period - Shot by Luke Kunin.
7:39 of 2nd period - Stopped by Martin Jones with a rebound.
7:47 of 2nd period - Dougie Hamilton is hit by Joonas Donskoi and loses puck.
8:38 of 2nd period - Chris Kreider is hit by Johnny Boychuk.
8:47 of 2nd period - Jakob Silfverberg is hit by Johnny Boychuk and loses puck.
9:02 of 2nd period - Shot by Kenny Agostino.
9:02 of 2nd period - Goal by Kenny Agostino - NORTH DAKOTA HAWKS : 2 - ANCHORAGE ACES : 1.
9:03 of 2nd period - Nick Suzuki wins face-off versus Andrew Cogliano in neutral zone.
9:34 of 2nd period - Shot by Nick Suzuki.
9:34 of 2nd period - Shot Misses the Net.
10:06 of 2nd period - Tyler Bozak is hit by Ryan Lindgren and loses puck.
10:43 of 2nd period - Shot by Joonas Donskoi.
10:43 of 2nd period - Stopped by Eric Comrie without a rebound.
10:44 of 2nd period - Leon Draisaitl wins face-off versus Corey Perry in NORTH DAKOTA HAWKS zone.
11:06 of 2nd period - Icing by Ryan Carpenter.
11:07 of 2nd period - Nathan MacKinnon wins face-off versus Kenny Agostino in NORTH DAKOTA HAWKS zone.
11:10 of 2nd period - Shot by Connor McDavid.
11:10 of 2nd period - Goal by Connor McDavid - NORTH DAKOTA HAWKS : 2 - ANCHORAGE ACES : 2.
11:11 of 2nd period - Nathan MacKinnon wins face-off versus Brandon Sutter in neutral zone.
11:14 of 2nd period - Shot by Nathan MacKinnon.
11:14 of 2nd period - Stopped by Eric Comrie with a rebound.
11:23 of 2nd period - Quinton Hughes is hit by Deryk Engelland and loses puck.
11:43 of 2nd period - Shot by Connor McDavid.
11:43 of 2nd period - Shot Misses the Net.
12:45 of 2nd period - Shot by Luke Kunin.
12:45 of 2nd period - Stopped by Martin Jones without a rebound.
12:46 of 2nd period - Tyler Bozak wins face-off versus Corey Perry in ANCHORAGE ACES zone.
13:39 of 2nd period - Off-side.
13:40 of 2nd period - Nathan MacKinnon wins face-off versus Luke Kunin in neutral zone.
13:47 of 2nd period - Shot by Connor McDavid.
13:47 of 2nd period - Shot Misses the Net.
13:53 of 2nd period - Shot by Nathan MacKinnon.
13:53 of 2nd period - Goal by Nathan MacKinnon - NORTH DAKOTA HAWKS : 2 - ANCHORAGE ACES : 3.
13:54 of 2nd period - Leon Draisaitl wins face-off versus Brendan Leipsic in neutral zone.
14:21 of 2nd period - Shot by Jakob Silfverberg.
14:21 of 2nd period - Shot Misses the Net.
14:23 of 2nd period - Shot by Ryan Suter.
14:23 of 2nd period - Stopped by Eric Comrie without a rebound.
14:24 of 2nd period - Luke Kunin wins face-off versus Nathan MacKinnon in NORTH DAKOTA HAWKS zone.
14:45 of 2nd period - Icing by Johnny Boychuk.
14:46 of 2nd period - Leon Draisaitl wins face-off versus Nic Dowd in NORTH DAKOTA HAWKS zone.
15:23 of 2nd period - Off-side.
15:24 of 2nd period - Nathan MacKinnon wins face-off versus Nick Suzuki in neutral zone.
15:43 of 2nd period - Shot by Connor McDavid.
15:43 of 2nd period - Stopped by Eric Comrie without a rebound.
15:44 of 2nd period - Tyler Bozak wins face-off versus Ryan Carpenter in NORTH DAKOTA HAWKS zone.
16:47 of 2nd period - Shot by Connor McDavid.
16:47 of 2nd period - Shot Hit the Post.
17:07 of 2nd period - Shot by Nathan MacKinnon.
17:07 of 2nd period - Stopped by Eric Comrie with a rebound.
17:09 of 2nd period - Shot by Nathan MacKinnon.
17:09 of 2nd period - Shot Misses the Net.
17:24 of 2nd period - Icing by Deryk Engelland.
17:25 of 2nd period - Brandon Sutter wins face-off versus Nathan MacKinnon in ANCHORAGE ACES zone.
17:30 of 2nd period - Shot by Derek Grant.
17:30 of 2nd period - Stopped by Martin Jones with a rebound.
17:32 of 2nd period - Shot by Brenden Dillon.
17:32 of 2nd period - Shot Blocked by Darnell Nurse.
17:34 of 2nd period - Shot by Michael Raffl.
17:34 of 2nd period - Shot Misses the Net.
17:54 of 2nd period - Shot by Brandon Sutter.
17:54 of 2nd period - Shot Blocked by Deryk Engelland.
17:56 of 2nd period - Shot by Derek Grant.
17:56 of 2nd period - Shot Blocked by Darnell Nurse.
17:58 of 2nd period - Shot by Derek Grant.
17:58 of 2nd period - Shot Misses the Net.
18:10 of 2nd period - Deryk Engelland is hit by Derek Grant and loses puck.
18:54 of 2nd period - Jakob Silfverberg is hit by Johnny Boychuk and loses puck.
19:12 of 2nd period - Leon Draisaitl is hit by Johnny Boychuk and loses puck.
19:35 of 2nd period - Shot by Josh Archibald.
19:35 of 2nd period - Shot Misses the Net.
19:37 of 2nd period - Shot by Josh Archibald.
19:37 of 2nd period - Stopped by Eric Comrie with a rebound.
19:57 of 2nd period - Shot by Josh Archibald.
19:57 of 2nd period - Stopped by Eric Comrie with a rebound.
Goals for this period are 1 for NORTH DAKOTA HAWKS vs 2 for ANCHORAGE ACES.
Shots for this period are 5 for NORTH DAKOTA HAWKS vs 13 for ANCHORAGE ACES.

3rd period


0:01 of 3rd period - Nic Dowd wins face-off versus Nathan MacKinnon in neutral zone.
0:28 of 3rd period - Shot by Matthew Nieto.
0:28 of 3rd period - Stopped by Martin Jones without a rebound.
0:29 of 3rd period - Brandon Sutter wins face-off versus Leon Draisaitl in ANCHORAGE ACES zone.
0:42 of 3rd period - Ben Chiarot is hit by Derek Grant and loses puck.
1:05 of 3rd period - Shot by Jakob Silfverberg.
1:05 of 3rd period - Deflect By Leon Draisaitl.
1:05 of 3rd period - Stopped by Eric Comrie with a rebound.
1:38 of 3rd period - Off-side.
1:39 of 3rd period - Nathan MacKinnon wins face-off versus Nic Dowd in neutral zone.
2:00 of 3rd period - Minor Penalty to Luke Kunin for Hooking.
2:01 of 3rd period - Ryan Carpenter wins face-off versus Nathan MacKinnon in NORTH DAKOTA HAWKS zone.
2:11 of 3rd period - Icing by Nathan MacKinnon.
2:12 of 3rd period - Ryan Carpenter wins face-off versus Nathan MacKinnon in ANCHORAGE ACES zone.
2:27 of 3rd period - Shot by Jakob Silfverberg.
2:27 of 3rd period - Stopped by Eric Comrie without a rebound.
2:28 of 3rd period - Brandon Sutter wins face-off versus Connor McDavid in NORTH DAKOTA HAWKS zone.
2:28 of 3rd period - Brandon Sutter is hit by Chris Kreider.
2:47 of 3rd period - Minor Penalty to Chris Kreider for Elbowing.
2:48 of 3rd period - Nick Suzuki wins face-off versus Nathan MacKinnon in ANCHORAGE ACES zone.
2:55 of 3rd period - Shot by Nick Suzuki.
2:55 of 3rd period - Stopped by Martin Jones without a rebound.
2:56 of 3rd period - Nathan MacKinnon wins face-off versus Nick Suzuki in ANCHORAGE ACES zone.
3:16 of 3rd period - Nathan MacKinnon is hit by Brenden Dillon and loses puck.
3:33 of 3rd period - Jacob Trouba is hit by Nick Suzuki and loses puck.
4:04 of 3rd period - Shot by Kenny Agostino.
4:04 of 3rd period - Stopped by Martin Jones without a rebound.
4:05 of 3rd period - Nic Dowd wins face-off versus Tyler Bozak in ANCHORAGE ACES zone.
5:11 of 3rd period - Icing by Derek Grant.
5:12 of 3rd period - Nathan MacKinnon wins face-off versus Brandon Sutter in NORTH DAKOTA HAWKS zone.
5:48 of 3rd period - Shot by Nathan MacKinnon.
5:48 of 3rd period - Stopped by Eric Comrie with a rebound.
5:50 of 3rd period - Shot by Nathan MacKinnon.
5:50 of 3rd period - Stopped by Eric Comrie without a rebound.
5:51 of 3rd period - Tyler Bozak wins face-off versus Nick Suzuki in NORTH DAKOTA HAWKS zone.
5:51 of 3rd period - Frank Vatrano is hit by Johnny Boychuk and loses puck.
6:13 of 3rd period - Tyler Bozak is hit by Quinton Hughes and loses puck.
7:01 of 3rd period - Shot by Leon Draisaitl.
7:01 of 3rd period - Stopped by Eric Comrie without a rebound.
7:02 of 3rd period - Nathan MacKinnon wins face-off versus Luke Kunin in NORTH DAKOTA HAWKS zone.
7:09 of 3rd period - Shot by Nathan MacKinnon.
7:09 of 3rd period - Stopped by Eric Comrie without a rebound.
7:10 of 3rd period - Nathan MacKinnon wins face-off versus Ryan Carpenter in NORTH DAKOTA HAWKS zone.
8:30 of 3rd period - Shot by Nic Dowd.
8:30 of 3rd period - Shot Misses the Net.
8:32 of 3rd period - Shot by Luke Kunin.
8:32 of 3rd period - Stopped by Martin Jones without a rebound.
8:33 of 3rd period - Brandon Sutter wins face-off versus Chris Kreider in ANCHORAGE ACES zone.
9:38 of 3rd period - Icing by Ryan Lindgren.
9:39 of 3rd period - Nick Suzuki wins face-off versus Tyler Bozak in NORTH DAKOTA HAWKS zone.
10:14 of 3rd period - Shot by Nick Suzuki.
10:14 of 3rd period - Shot Misses the Net.
10:31 of 3rd period - Jacob Trouba is hit by Brenden Dillon and loses puck.
12:25 of 3rd period - Shot by Leon Draisaitl.
12:25 of 3rd period - Stopped by Eric Comrie with a rebound.
12:27 of 3rd period - Shot by Jakob Silfverberg.
12:27 of 3rd period - Shot Blocked by Derek Grant.
12:37 of 3rd period - Shot by Leon Draisaitl.
12:37 of 3rd period - Stopped by Eric Comrie without a rebound.
12:38 of 3rd period - Nate Thompson wins face-off versus Nic Dowd in NORTH DAKOTA HAWKS zone.
12:39 of 3rd period - Shot by Cal Clutterbuck.
12:39 of 3rd period - Shot Misses the Net.
12:41 of 3rd period - Shot by Cal Clutterbuck.
12:41 of 3rd period - Stopped by Eric Comrie without a rebound.
12:42 of 3rd period - Nic Dowd wins face-off versus Nate Thompson in NORTH DAKOTA HAWKS zone.
12:55 of 3rd period - Icing by Niklas Hjalmarsson.
12:56 of 3rd period - Nick Suzuki wins face-off versus Nate Thompson in ANCHORAGE ACES zone.
13:41 of 3rd period - Off-side.
13:42 of 3rd period - Luke Kunin wins face-off versus Nathan MacKinnon in neutral zone.
13:51 of 3rd period - Shot by Nic Dowd.
13:51 of 3rd period - Stopped by Martin Jones without a rebound.
13:52 of 3rd period - Ryan Carpenter wins face-off versus Leon Draisaitl in ANCHORAGE ACES zone.
14:03 of 3rd period - Johnny Boychuk is hit by Chris Kreider and loses puck.
14:12 of 3rd period - Shot by Jakob Silfverberg.
14:12 of 3rd period - Stopped by Eric Comrie without a rebound.
14:13 of 3rd period - Nic Dowd wins face-off versus Nathan MacKinnon in NORTH DAKOTA HAWKS zone.
14:50 of 3rd period - Shot by Nathan MacKinnon.
14:50 of 3rd period - Deflect By Connor McDavid.
14:50 of 3rd period - Stopped by Eric Comrie without a rebound.
14:51 of 3rd period - Leon Draisaitl wins face-off versus Nick Suzuki in NORTH DAKOTA HAWKS zone.
15:18 of 3rd period - Icing by Johnny Boychuk.
15:19 of 3rd period - Tyler Bozak wins face-off versus Nick Suzuki in NORTH DAKOTA HAWKS zone.
15:43 of 3rd period - Tyler Bozak is hit by Johnny Boychuk.
16:11 of 3rd period - Shot by Dougie Hamilton.
16:11 of 3rd period - Shot Misses the Net.
16:13 of 3rd period - Shot by Dougie Hamilton.
16:13 of 3rd period - Shot Blocked by Ben Chiarot.
16:17 of 3rd period - Shot by Nic Dowd.
16:17 of 3rd period - Shot Blocked by Niklas Hjalmarsson.
17:02 of 3rd period - Shot by Ryan Carpenter.
17:02 of 3rd period - Stopped by Martin Jones without a rebound.
17:03 of 3rd period - Brandon Sutter wins face-off versus Leon Draisaitl in ANCHORAGE ACES zone.
17:09 of 3rd period - Leon Draisaitl is hit by Ryan Lindgren and loses puck.
17:25 of 3rd period - Shot by Jakob Silfverberg.
17:25 of 3rd period - Shot Misses the Net.
17:31 of 3rd period - Shot by Chris Kreider.
17:31 of 3rd period - Stopped by Eric Comrie with a rebound.
17:37 of 3rd period - Shot by Jakob Silfverberg.
17:37 of 3rd period - Shot Misses the Net.
17:39 of 3rd period - Shot by Leon Draisaitl.
17:39 of 3rd period - Shot Misses the Net.
17:52 of 3rd period - Minor Penalty to Ryan Lindgren for Slashing.
17:53 of 3rd period - Matthew Nieto wins face-off versus Connor McDavid in NORTH DAKOTA HAWKS zone.
17:59 of 3rd period - Icing by Ryan Suter.
18:00 of 3rd period - Connor McDavid wins face-off versus Ryan Carpenter in ANCHORAGE ACES zone.
18:11 of 3rd period - Shot by Leon Draisaitl.
18:11 of 3rd period - Shot Misses the Net.
18:13 of 3rd period - Shot by Jacob Trouba.
18:13 of 3rd period - Stopped by Eric Comrie without a rebound.
18:14 of 3rd period - Nathan MacKinnon wins face-off versus Ryan Carpenter in NORTH DAKOTA HAWKS zone.
18:17 of 3rd period - Shot by Ryan Suter.
18:17 of 3rd period - Stopped by Eric Comrie with a rebound.
18:19 of 3rd period - Shot by Frank Vatrano.
18:19 of 3rd period - Goal by Frank Vatrano - NORTH DAKOTA HAWKS : 2 - ANCHORAGE ACES : 4.
18:20 of 3rd period - Nick Suzuki wins face-off versus Nathan MacKinnon in neutral zone.
19:34 of 3rd period - Darnell Nurse is hit by Ryan Carpenter and loses puck.
19:54 of 3rd period - Shot by Quinton Hughes.
19:54 of 3rd period - Goal by Quinton Hughes - NORTH DAKOTA HAWKS : 3 - ANCHORAGE ACES : 4.
19:55 of 3rd period - Tyler Bozak wins face-off versus Zack Kassian in neutral zone.
Goals for this period are 1 for NORTH DAKOTA HAWKS vs 1 for ANCHORAGE ACES.
Shots for this period are 7 for NORTH DAKOTA HAWKS vs 15 for ANCHORAGE ACES.


RYAN
NUGENT-HOPKINS
THATCHER
DEMKO
MITCHELL
MARNER

EAST COAST

HOCKEY LEAGUE

  • 13.MAN3PIT5
  • 14.NHW2ATL3
  • 15.PET5WOR4
  • 16.RHI30
  • 17.QUECHI
  • 18.CHALIM
  • 19.TRVLON
  • 20.CHWBAL